 Dungeon Crawl Stone Soup version 0.26.0-45-g9c1d065592 (console) character file.

Game seed: 13718704473282369551

4 om the Grasshopper (level 1, -1/17 HPs)
             Began as a Ghoul Warper on Jan 30, 2021.
             Slain by a goblin (2 damage)
             ... on level 1 of the Dungeon.
             The game lasted 00:00:59 (88 turns).

om the Grasshopper (Ghoul Warper)                     Turns: 88, Time: 00:01:00

Health: -1/17      AC:  3    Str: 14    XL:     1   Next: 60%
Magic:  2/2        EV: 11    Int:  8    God:
Gold:   0          SH:  0    Dex:  8    Spells: 3/3 levels left

rFire    . . .     SeeInvis .     - Unarmed
rCold    + . .     Faith    .   (no shield)
rNeg     + + +     Spirit   .   a - +0 leather armour
rPois    ∞         Reflect  .   (no helmet)
rElec    .         Harm     .   (no cloak)
rCorr    .         Rampage  .   (no gloves)
Will     .....                  (no boots)
Stlth    +.........             (no amulet)
HPRegen  0.00/turn              (no ring)
MPRegen  0.08/turn              (no ring)

@: no status effects
A: claws 1, cold resistance 1, negative energy resistance 3, inhibited
regeneration, torment resistance, unbreathing
a: no special abilities


You were on level 1 of the Dungeon.
You visited 1 branch of the dungeon, and saw 1 of its levels.

Inventory:

Missiles
 d - 4 boomerangs of dispersal (quivered)
Armour
 a - a +0 leather armour (worn)
Scrolls
 c - a scroll of blinking


   Skills:
 + Level 2.2 Fighting
 - Level 0.8 Throwing
 - Level 0.8 Armour
 + Level 1.8 Dodging
 * Level 2.3 Unarmed Combat
 + Level 1.8 Spellcasting
 + Level 2.7 Translocations


You had 3 spell levels left.
You didn't know any spells.
Your spell library contained the following spells:

 Spells                   Type           Power        Failure   Level
 Blink                    Tloc           N/A          22%         2
 Gell's Gravitas          Tloc           2%           41%         3
 Lesser Beckoning         Tloc           2%           41%         3
 Teleport Other           Tloc           5%           41%         3
 Passage of Golubria      Tloc           N/A          82%         4


Dungeon Overview and Level Annotations

Branches:
Dungeon (1/15)

Altars:


Innate Abilities, Weirdness & Mutations

You thrive by killing the living.
You are immune to poison.
You have sharp fingernails.
Your flesh is cold resistant. (rC+)
You are immune to negative energy. (rN+++)
You do not regenerate when monsters are visible.
You are immune to unholy pain and torment.
You can survive without breathing.


Message History

* * * LOW HITPOINT WARNING * * *
You closely miss the goblin. The goblin hits you.
* * * LOW HITPOINT WARNING * * *
You are too injured to fight recklessly!
You barely miss the goblin. The goblin hits you.
* * * LOW HITPOINT WARNING * * *
There is an open door here.
Press: ? - help, v - describe, . - travel
Here: a demigod (fire blocked by a translucent stone wall)
The floor.
The centaur shouts!
The merfolk shouts!
The elf shouts!
The dwarf shouts!
Throw: 5 boomerangs (disperse)
Press: ? - help, Q - select action Shift-Dir - straight line, f - goblin
Aim: a goblin (45% to hit)
You throw a boomerang of dispersal.
The boomerang of dispersal barely misses the goblin.
The goblin hits you.
You die...

###################
#6#K#d#O#f#N#Q#m#M####
###################..#
...............g@.'.<#
###################..#
#c#h#.#p#T#H#V#e#g####
###################


You could see a merfolk, an elf, a dwarf, a mummy and a goblin.

Vanquished Creatures
  2 goblins (D:1)
  A frilled lizard (D:1)
  A rat (D:1)
4 creatures vanquished.

Notes
Turn   | Place    | Note
-------+----------+-------------------------------------------
     0 | D:1      | om the Ghoul Warper began the quest for the Orb.
     0 | D:1      | Reached XP level 1. HP: 17/17 MP: 2/2
     2 | D:1      | Noticed a dwarf
     4 | D:1      | Noticed a merfolk
     4 | D:1      | Noticed an elf
     6 | D:1      | Noticed a tengu
     6 | D:1      | Noticed a vampire
     8 | D:1      | Noticed a naga
     8 | D:1      | Noticed a minotaur
    10 | D:1      | Noticed a vine stalker
    10 | D:1      | Noticed a troll
    12 | D:1      | Noticed an ogre
    12 | D:1      | Noticed a halfling
    14 | D:1      | Noticed a draconian
    16 | D:1      | Noticed a felid
    18 | D:1      | Noticed a demonspawn
    18 | D:1      | Noticed a centaur
    20 | D:1      | Noticed a human
    20 | D:1      | Noticed a demigod
    22 | D:1      | Noticed a ghoul
    24 | D:1      | Noticed a formicid
    24 | D:1      | Noticed a gargoyle
    26 | D:1      | Noticed an octopode
    26 | D:1      | Noticed a spriggan
    88 | D:1      | Slain by a goblin

Illustrated notes

Levels and vault maps discovered:
D:1:      kb_arrival_jail, layout_rooms, lemuel_another_geyser

Action                   || total
-------------------------++-------
Melee: Unarmed           ||    23
Throw: Boomerang         ||     1
Armor: Leather armour    ||     6
Dodge: Dodged            ||    10
